Map: Green Acres

Players

makmax

  • Race: Protoss Protoss
  • Spawn Location: 7:00

Amrey

  • Race: Zerg Zerg
  • Spawn Location: 6:00

Hunter

  • Race: Terran Terran
  • Spawn Location: 12:00

ForceForce

  • Race: Terran Terran
  • League: Gold
  • Spawn Location: 1:00

raiver

  • Race: Terran Terran
  • Spawn Location: 9:00

dragon

  • Race: Terran Terran
  • Spawn Location: 3:00

VOD

Have the link to the VOD?

Description

Time

  • Played on: Dec. 22, 2016, 8:21 a.m.
  • Length: 20:51
Show
View Real Time Build Order
Export as new Build Order

makmax Protoss 

Build Orders:  

Get SALT Encoding   

  12  0:02  Probe (Chrono Boost)  
  13  0:19  Pylon  
  13  0:23  Probe (Chrono Boost)  
  14  0:38  Forge  
  14  0:42  Probe (Chrono Boost)  
  15  0:47  Pylon  
  15  0:55  Probe (Chrono Boost)  
  16  1:11  Photon Cannon  
  16  1:14  Photon Cannon  
  16  1:22  Probe (Chrono Boost)  
  17  1:42  Pylon  
  17  1:52  Pylon  
  16  2:19  Nexus  
  16  2:25  Assimilator  
  16  2:30  Assimilator  
  16  2:35  Pylon  
  16  2:50  Probe (Chrono Boost)  
  17  2:54  Assimilator  
  17  3:00  Probe (Chrono Boost)  
  17  3:02  Gateway  
  18  3:07  Assimilator  
  18  3:11  Pylon  
  18  3:14  Probe (Chrono Boost)  
  19  3:35  Probe (Chrono Boost)  
  20  3:46  Probe (Chrono Boost)  
  21  3:53  Probe (Chrono Boost)  
  22  3:56  Probe (Chrono Boost)  
  23  4:03  Probe (Chrono Boost)  
  23  4:07  Probe (Chrono Boost)  
  25  4:14  Probe (Chrono Boost)  
  26  4:17  Probe (Chrono Boost)  
  27  4:24  Cybernetics Core  
  27  4:25  Probe (Chrono Boost)  
  27  4:28  Probe (Chrono Boost)  
  29  4:35  Probe (Chrono Boost)  
  29  4:36  Pylon  
  31  4:38  Probe (Chrono Boost)  
  31  4:46  Probe (Chrono Boost)  
  31  4:49  Probe (Chrono Boost)  
  33  4:56  Probe (Chrono Boost)  
  33  4:59  Probe (Chrono Boost)  
  35  5:07  Probe (Chrono Boost), Stargate  
  36  5:09  Stargate  
  36  5:10  Probe (Chrono Boost)  
  36  5:13  Photon Cannon  
  30  5:20  Probe (Chrono Boost)  
  23  5:31  Probe (Chrono Boost)  
  21  5:41  Probe (Chrono Boost)  
  21  5:47  Probe (Chrono Boost)  
  22  5:52  Probe (Chrono Boost)  
  22  5:56  Void Ray  
  27  5:57  Probe (Chrono Boost)  
  27  6:03  Probe (Chrono Boost)  
  29  6:04  Void Ray  
  29  6:08  Probe (Chrono Boost)  
  34  6:13  Probe (Chrono Boost)  
  36  6:18  Probe (Chrono Boost)  
  36  6:29  Probe (Chrono Boost)  
  37  6:33  Probe (Chrono Boost)  
  37  6:39  Probe (Chrono Boost)  
  39  6:43  Probe (Chrono Boost), Void Ray  
  44  6:50  Probe (Chrono Boost)  
  45  7:24  Void Ray  
  49  7:42  Probe (Chrono Boost)  
  46  7:53  Probe (Chrono Boost)  
  46  7:54  Probe (Chrono Boost)  
  48  7:58  Void Ray  
  48  8:03  Probe (Chrono Boost)  
  48  8:05  Probe (Chrono Boost)  
  54  8:06  Void Ray  
  58  8:14  Probe (Chrono Boost)  
  58  8:16  Probe (Chrono Boost)  
  60  8:24  Probe (Chrono Boost)  
  60  8:26  Probe (Chrono Boost)  
  54  8:36  Stargate  
  54  8:37  Probe (Chrono Boost)  
  55  8:43  Stargate  
  55  8:54  Pylon  
  43  9:28  Void Ray  
  43  9:29  Void Ray  
  51  9:50  Probe (Chrono Boost)  
  52  10:00  Probe (Chrono Boost)  
  53  10:11  Probe (Chrono Boost), Void Ray, Nexus  
  53  10:12  Void Ray x2  
  67  10:21  Probe (Chrono Boost)  
  67  10:32  Probe (Chrono Boost)  
  67  10:33  Pylon  
  68  10:36  Pylon  
  68  10:42  Assimilator  
  68  10:45  Assimilator, Void Ray  
  68  10:47  Pylon  
  64  10:51  Pylon  
  64  10:56  Pylon  
  64  11:03  Void Ray x3  
  76  11:20  Probe (Chrono Boost)  
  77  11:28  Void Ray  
  77  11:31  Probe (Chrono Boost)  
  82  11:41  Probe (Chrono Boost)  
  75  11:52  Probe (Chrono Boost)  
  72  12:01  Stargate  
  72  12:02  Probe (Chrono Boost)  
  72  12:03  Stargate  
  73  12:09  Stargate  
  73  12:12  Pylon  
  73  12:16  Pylon  
  73  12:24  Void Ray  
  73  12:25  Pylon  
  77  12:47  Protoss Air Weapons Level 1  
  77  12:54  Cybernetics Core  
  77  12:58  Pylon  
  73  13:24  Pylon  
  73  13:29  Probe (Chrono Boost)  
  70  13:40  Probe (Chrono Boost), Void Ray x4  
  70  13:41  Void Ray x2  
  95  13:51  Probe (Chrono Boost)  
  88  14:01  Probe (Chrono Boost)  
  85  14:12  Probe (Chrono Boost)  
  86  14:37  Protoss Air Armor Level 1  
  86  15:14  Void Ray  
  86  15:15  Void Ray x4  
  86  15:16  Void Ray x2  
  86  15:57  Void Ray  
  86  15:58  Void Ray x4  
  106  16:06  Void Ray  
  90  17:03  Void Ray x3  
  90  17:04  Void Ray x3  
  102  17:46  Void Ray x3  
  88  18:22  Void Ray  
Show
View Real Time Build Order
Export as new Build Order

Amrey Zerg 

Build Orders: Pool First 

Get SALT Encoding   

  12  0:09  Extractor  
  11  0:14  Extractor  
  11  0:19  Drone x3  
  13  0:52  Drone  
  13  0:53  Overlord  
  14  1:06  Spawning Pool  
  13  1:42  Burrow  
  13  1:44  Drone  
  13  1:45  Drone x2  
  16  1:58  Zergling x2  
  17  2:30  Roach Warren  
  16  2:41  Baneling Nest  
  15  2:46  Overlord x2  
  15  2:47  Drone  
  16  2:53  Queen  
  18  3:08  Overlord  
  18  3:19  Roach  
  20  3:53  Hatchery  
  19  4:00  Roach x2  
  23  4:05  Zergling x2  
  22  5:01  Roach x2  
  22  5:02  Roach x4  
  34  5:52  Zergling x4  
  34  5:53  Zergling x2  
  37  6:34  Lair  
  37  6:44  Queen  
  39  6:49  Roach  
  39  6:50  Roach x2  
  45  7:29  Evolution Chamber  
  44  8:12  Roach x2  
  48  8:13  Roach x2  
  48  8:16  Overlord x2  
  52  8:38  Drone x4  
  52  8:39  Drone x2  
  55  9:36  Extractor  
  54  9:41  Drone  
  54  9:42  Drone x2  
  57  10:02  Roach x3  
  57  10:03  Roach x2  
  67  10:14  Spire  
  67  10:16  Overlord  
  66  10:51  Metabolic Boost  
  66  11:22  Zerg Missile Weapons Level 1  
  66  11:24  Hydralisk Den  
  65  11:44  Drone x3  
  65  11:45  Drone  
  69  11:51  Extractor  
  68  12:11  Mutalisk x2  
  68  12:12  Mutalisk x2  
  76  12:51  Overlord  
  76  12:59  Overlord  
  68  14:30  Infestation Pit  
  67  14:38  Drone  
  67  14:39  Drone x2  
  70  14:55  Infestation Pit  
  70  14:58  Ravager  
  70  14:59  Ravager  
  71  15:00  Ravager  
  71  15:01  Ravager x4  
  42  17:01  Mutalisk  
  42  17:02  Mutalisk x2  
  28  19:46  Mutalisk x2  
  28  19:47  Mutalisk x3  
  28  19:48  Mutalisk x4  
Show
View Real Time Build Order
Export as new Build Order

Hunter Terran 

Build Orders:  

Get SALT Encoding   

  12  0:01  SCV  
  13  0:17  Supply Depot  
  13  0:28  SCV  
  14  0:40  SCV  
  14  0:42  Barracks  
  15  0:55  SCV  
  16  0:57  Barracks  
  16  1:07  SCV  
  17  1:15  Engineering Bay  
  17  1:19  SCV  
  17  1:23  Refinery  
  18  1:31  SCV  
  19  1:40  Marine  
  19  1:44  SCV  
  19  1:58  Marine  
  17  2:16  Marine  
  17  2:21  Refinery  
  18  2:34  Marine  
  18  2:36  Marine  
  20  2:47  SCV  
  21  2:52  Marine  
  21  2:54  Marine  
  23  3:08  SCV  
  23  3:09  Marine  
  22  3:20  SCV  
  23  3:32  Factory, SCV  
  20  3:44  SCV  
  21  3:58  Marine  
  20  4:12  Factory  
  20  4:16  Marine  
  16  4:21  Factory Tech Lab  
  9  5:05  Command Center  
  9  5:26  Widow Mine  
  11  5:54  Widow Mine  
  11  5:55  Refinery  
  13  6:26  SCV  
  14  6:38  SCV  
  15  6:50  SCV  
  16  6:59  Barracks Reactor  
  16  7:02  SCV x2  
  18  7:14  SCV x2  
  20  7:26  SCV  
  20  7:27  Barracks Tech Lab  
  21  7:42  Factory Tech Lab  
  21  7:49  Combat Shields  
  21  7:54  SCV  
  21  7:57  SCV  
  23  8:06  SCV  
  23  8:07  Refinery  
  24  8:18  Siege Tank, SCV  
  28  8:30  SCV  
  29  8:43  Supply Depot, SCV  
  30  9:04  Widow Mine  
  30  9:05  SCV  
  30  9:07  Supply Depot  
  33  9:11  Marine  
  33  9:12  Marine x2  
  36  9:17  SCV  
  37  9:29  Supply Depot, Marine x2, SCV  
  40  9:33  Widow Mine  
  40  9:34  Starport  
  42  9:46  Engineering Bay  
  42  9:49  Orbital Command  
  42  9:57  Marine  
  42  9:59  Marauder  
  45  10:20  Marauder, Starport Tech Lab  
  47  10:33  Terran Infantry Weapons Level 1  
  47  10:35  Supply Depot  
  47  10:41  Marauder  
  49  10:51  Siege Tank  
  52  10:58  Supply Depot, Raven  
  54  11:08  Marine  
  54  11:09  Marine x2  
  57  11:20  Supply Depot  
  57  11:26  Marine  
  57  11:27  Marine x2  
  60  11:44  Marine  
  60  11:45  Marine x2  
  63  11:53  Viking  
  65  12:02  Marine x3  
  68  12:20  Marine x3  
  71  12:23  Viking  
  71  12:27  Terran Infantry Armor Level 1  
  73  12:38  Marine  
  73  12:42  Fusion Core  
  74  12:53  Viking  
  76  13:06  SCV  
  77  13:16  Marine  
  78  13:27  Supply Depot  
  78  13:40  Armory  
  78  13:48  Marine x3  
  78  13:49  SCV  
  78  13:51  Supply Depot  
  82  14:01  SCV  
  83  14:06  Marine x3  
  86  14:13  SCV  
  86  14:14  Supply Depot  
  87  14:24  Marine x3  
  87  14:25  SCV  
  91  14:36  Supply Depot  
  91  14:37  SCV  
  92  14:42  Marine x2  
  94  14:47  Medivac  
  94  14:49  SCV  
  97  14:58  Supply Depot  
  97  15:00  Marine  
  96  15:17  Medivac  
  94  15:47  Battlecruiser  
  95  16:29  Starport  
  86  16:34  Command Center  
  78  16:51  Battlecruiser  
  76  16:58  Marine  
  76  16:59  Marine x2  
  75  17:08  Starport  
  73  17:16  Marine  
  73  17:17  Marine x2  
  73  17:22  Thor  
  81  17:34  Marine x2  
  81  17:35  Marine  
  84  17:46  Starport Tech Lab  
  84  17:50  Starport Tech Lab  
  84  17:52  Marine x3  
  87  18:04  Thor  
  93  18:09  Marine  
  93  18:10  Marine x2  
  68  18:28  Marine  
  65  18:45  Battlecruiser  
  65  18:47  Thor  
  77  19:30  Thor  
Show
View Real Time Build Order
Export as new Build Order

ForceForce Terran 

Build Orders:  

Get SALT Encoding   

  12  0:02  SCV  
  13  0:14  SCV  
  14  0:22  Supply Depot  
  14  0:27  SCV  
  15  0:44  SCV  
  15  0:48  Supply Depot  
  16  0:57  Barracks  
  16  1:00  SCV  
  17  1:14  SCV  
  17  1:16  Barracks  
  18  1:26  SCV  
  19  1:46  Marine  
  20  1:53  Supply Depot  
  20  1:56  Refinery  
  20  2:04  Marine x2  
  20  2:06  SCV  
  23  2:14  Supply Depot  
  23  2:20  Barracks, SCV  
  24  2:32  Refinery  
  24  2:35  SCV  
  25  2:46  Engineering Bay  
  25  2:48  Reaper  
  26  2:55  SCV  
  27  3:07  SCV  
  27  3:11  Reaper  
  29  3:16  Barracks  
  29  3:19  Supply Depot, SCV  
  30  3:20  Marine  
  30  3:21  Marine  
  32  3:38  Marine x2  
  34  3:49  Reaper  
  34  3:54  SCV  
  36  3:56  Reaper  
  36  3:57  Reaper  
  38  4:06  SCV  
  36  4:12  Supply Depot  
  36  4:18  SCV  
  36  4:21  Marine  
  38  4:28  Marine  
  38  4:29  Reaper  
  40  4:33  Factory  
  40  4:48  Missile Turret  
  40  4:59  Marine x2  
  42  5:00  Marine  
  43  5:16  Marine  
  43  5:17  Marine  
  43  5:18  Marine  
  29  5:45  Marine x3  
  32  6:02  Marine  
  32  6:03  Marine x2  
  31  6:20  Marine x3  
  31  6:25  Factory Tech Lab  
  34  6:28  Barracks  
  34  6:30  Supply Depot  
  34  6:31  SCV  
  35  6:38  Marine x3  
  38  6:43  SCV  
  38  6:44  Reaper  
  40  6:52  Supply Depot  
  40  6:55  SCV  
  40  6:56  Marine x3  
  40  6:57  Siege Tank  
  47  7:06  Command Center  
  47  7:07  SCV  
  48  7:14  Marine x3  
  51  7:16  Reaper  
  51  7:17  Terran Infantry Weapons Level 1  
  51  7:20  Marine  
  53  7:27  Supply Depot  
  53  7:31  Marine  
  53  7:32  Reaper, Marine  
  56  7:38  Marine  
  57  7:45  SCV  
  57  7:49  Reaper  
  57  7:50  Reaper x2  
  61  7:56  Marine  
  61  7:57  SCV  
  63  8:04  Marine  
  64  8:09  SCV  
  65  8:13  Siege Tank  
  65  8:14  Marine  
  68  8:21  Reaper  
  68  8:22  Reaper x2  
  68  8:32  Missile Turret  
  68  8:53  Missile Turret  
  67  9:18  Siege Tank  
  67  9:24  Factory  
  70  9:32  SCV  
  70  9:37  Refinery  
  70  9:43  Refinery  
  70  9:44  SCV  
  70  9:50  Siege Tank  
  73  9:56  SCV  
  68  10:22  Siege Tank  
  71  10:34  Factory Tech Lab  
  71  10:42  Marine x5  
  76  10:51  SCV  
  76  10:54  Widow Mine, SCV  
  80  10:59  Marine  
  80  11:00  Marine x4  
  80  11:04  SCV  
  86  11:06  SCV  
  86  11:10  Missile Turret x2  
  87  11:16  SCV  
  87  11:17  Missile Turret  
  87  11:18  SCV  
  89  11:22  Widow Mine  
  91  11:27  Marine x2  
  91  11:28  SCV  
  91  11:30  SCV  
  95  11:40  SCV  
  95  11:42  SCV  
  97  11:51  Widow Mine  
  97  11:52  SCV  
  100  11:54  Marine, SCV  
  102  12:03  Supply Depot  
  102  12:14  Terran Infantry Armor Level 1  
  102  12:18  Barracks Tech Lab  
  102  12:20  Barracks Tech Lab  
  102  12:24  Widow Mine  
  102  12:25  Marine x3, SCV x2  
  102  12:26  Supply Depot  
  109  12:37  SCV  
  109  12:42  Stimpack  
  109  12:43  Combat Shields  
  110  12:47  Widow Mine, Marine x3  
  110  12:50  Supply Depot x2  
  115  12:53  Widow Mine  
  117  13:08  Marine  
  117  13:12  Marine x4  
  122  13:13  Supply Depot  
  122  13:25  Marine  
  102  13:59  Marine x2  
  102  14:00  Marine  
  102  14:01  Marauder x2  
  108  14:15  Starport  
  108  14:17  Marine x2  
  108  14:18  Marine  
  108  14:22  Marauder x2  
  115  14:35  Marine x2  
  117  14:44  Marauder x2  
  121  14:47  Marine  
  120  14:53  Starport, Marine x2  
  113  15:04  Marine  
  113  15:05  Marine x2  
  108  15:10  Marine  
  94  15:23  Marine  
  94  15:24  Marine x3  
  93  15:28  Marine  
  92  15:41  Marine  
  92  15:42  Marine  
  92  16:03  Medivac x2  
  63  16:31  Marine  
  63  16:32  Marine x4  
  43  16:49  Marine  
  37  17:48  Marine x3  
  30  18:05  Marine  
  30  18:06  Marine  
  29  18:23  Marine  
  29  18:24  Marine  
  28  18:41  Marine  
Show
View Real Time Build Order
Export as new Build Order

raiver Terran 

Build Orders:  

Get SALT Encoding   

  12  0:01  SCV  
  13  0:15  Supply Depot  
  13  0:18  SCV  
  14  0:30  Refinery, SCV  
  15  0:42  SCV  
  16  0:46  Barracks  
  16  1:03  SCV  
  16  1:04  Barracks  
  17  1:15  SCV  
  18  1:22  Barracks  
  18  1:28  SCV  
  19  1:35  Refinery  
  19  1:52  Reaper  
  20  1:57  Orbital Command  
  20  2:10  Supply Depot  
  20  2:14  Reaper  
  21  2:24  Reaper  
  22  2:35  Reaper  
  23  2:46  Reaper  
  24  2:52  Engineering Bay  
  24  2:55  Supply Depot  
  24  2:57  Reaper  
  23  3:21  Reaper  
  23  3:22  Reaper  
  25  3:29  Reaper  
  25  3:53  Reaper  
  25  3:54  Reaper  
  27  4:01  Reaper  
  28  4:10  Command Center  
  28  4:25  Reaper  
  28  4:26  Reaper  
  29  4:33  Reaper  
  30  4:58  Reaper x2  
  30  4:59  Command Center  
  32  5:02  Factory  
  32  5:05  Reaper  
  32  5:30  Reaper  
  26  6:38  Factory Tech Lab  
  26  6:42  Supply Depot x2  
  25  6:59  Siege Tank  
  25  7:00  Barracks Tech Lab  
  25  7:01  Barracks Reactor  
  28  7:04  Orbital Command  
  28  7:08  SCV  
  29  7:11  Barracks Reactor  
  29  7:20  SCV  
  30  7:26  Supply Depot  
  30  7:32  SCV  
  31  7:39  Stimpack  
  31  7:43  Siege Tank  
  34  7:44  SCV x2  
  34  7:47  Missile Turret  
  36  7:56  SCV x2  
  36  7:57  Command Center  
  38  7:59  Missile Turret  
  38  8:04  Missile Turret  
  38  8:08  SCV x2  
  38  8:11  Starport  
  40  8:20  Marine x3, SCV x2  
  45  8:29  Marine x2  
  45  8:30  Missile Turret  
  45  8:32  SCV  
  45  8:33  SCV  
  49  8:42  Marine  
  49  8:43  Marine  
  49  8:44  SCV  
  49  8:45  SCV  
  53  8:51  Starport Reactor  
  53  8:56  SCV  
  53  8:57  Factory, SCV  
  55  9:09  SCV  
  57  9:10  SCV  
  57  9:12  Missile Turret, SCV  
  57  9:15  Refinery  
  58  9:17  Refinery  
  58  9:21  SCV  
  58  9:22  SCV  
  58  9:23  Marine x4  
  64  9:29  Supply Depot  
  64  9:33  Missile Turret, SCV  
  64  9:35  Missile Turret  
  65  9:39  Combat Shields  
  65  9:45  Marine  
  65  9:47  SCV x2  
  69  9:57  Orbital Command  
  69  9:59  SCV x2  
  70  10:01  Refinery  
  70  10:11  SCV  
  67  10:24  SCV  
  67  10:25  SCV x2  
  70  10:29  Medivac x2  
  70  10:30  Factory Tech Lab  
  70  10:34  Command Center  
  74  10:36  SCV  
  75  10:44  Liberator x2, SCV x2  
  75  10:49  SCV  
  78  10:57  Supply Depot  
  78  10:59  Command Center  
  78  11:02  Supply Depot  
  84  11:09  Siege Tank  
  87  11:13  Supply Depot  
  87  11:14  SCV  
  88  11:23  SCV  
  89  11:26  Terran Infantry Armor Level 1  
  89  11:27  Liberator  
  89  11:28  Liberator  
  89  11:36  Engineering Bay  
  89  11:41  Siege Tank x2  
  101  11:47  Refinery  
  101  11:51  SCV x2  
  101  11:53  SCV x2  
  105  11:58  Refinery  
  105  12:05  Planetary Fortress  
  105  12:13  Siege Tank  
  108  12:18  Planetary Fortress  
  108  12:20  Missile Turret  
  108  12:27  Medivac  
  108  12:28  Medivac  
  109  12:36  Missile Turret  
  109  12:47  Starport  
  109  12:50  Factory  
  109  12:51  SCV  
  110  12:53  SCV x3  
  110  12:56  SCV  
  114  12:59  Missile Turret  
  114  13:03  SCV  
  114  13:05  SCV x2  
  117  13:08  SCV  
  118  13:15  SCV  
  119  13:20  SCV  
  119  13:21  Refinery  
  119  13:24  SCV x3  
  123  13:27  SCV  
  123  13:28  Missile Turret  
  123  13:30  Starport Reactor  
  123  13:32  SCV  
  125  13:36  SCV x3  
  125  13:39  SCV  
  128  13:43  Armory  
  128  13:44  SCV  
  129  13:48  SCV x2  
  129  13:49  SCV  
  129  13:51  SCV  
  132  13:57  SCV  
  132  14:00  SCV x2  
  132  14:02  Refinery  
  135  14:03  SCV  
  135  14:06  Missile Turret  
  135  14:07  Missile Turret  
  135  14:09  SCV  
  137  14:10  Factory Tech Lab  
  137  14:14  Siege Tank x2  
  137  14:15  Supply Depot  
  143  14:21  SCV  
  144  14:33  Missile Turret, SCV  
  144  14:36  Missile Turret  
  145  14:40  Missile Turret  
  145  14:41  Missile Turret  
  145  14:45  Missile Turret, SCV  
  146  14:46  Siege Tank x2  
  146  14:47  Missile Turret  
  146  14:49  Missile Turret  
  152  14:54  Missile Turret  
  152  14:55  Missile Turret  
  152  15:01  Terran Vehicle Weapons Level 1  
  152  15:03  Refinery  
  152  15:04  Marine, Armory  
  153  15:10  Supply Depot  
  153  15:18  Siege Tank  
  156  15:22  Marine x2  
  156  15:23  Marine x3  
  161  15:30  Barracks  
  161  15:33  Barracks  
  161  15:34  Barracks  
  158  15:37  Barracks  
  145  15:49  Marine x5  
  150  16:13  Marine x4  
  150  16:14  Marine  
  154  16:39  Marine x5  
  159  16:41  Barracks Reactor  
  159  16:42  Barracks Reactor x2, Barracks Tech Lab  
  159  16:56  Marine  
  159  16:57  Marine x3  
  159  17:01  Marine  
  164  17:14  Marine x3  
  164  17:15  Marine x2  
  169  17:19  Marine  
  170  17:31  Marine  
  171  17:41  Marine  
  171  17:50  Supply Depot  
  171  17:54  Supply Depot  
  171  17:57  Supply Depot x2  
  171  18:00  Terran Vehicle And Ship Armor Level 1, Terran Vehicle Weapons Level 2  
  171  18:03  Terran Infantry Weapons Level 1, Terran Infantry Armor Level 2  
  171  18:11  Thor, Marine x2  
  179  18:15  Supply Depot, Thor, Marine x2  
  179  18:18  Thor, Supply Depot, Marine  
  191  18:47  Marine x2  
  191  18:48  Marine  
  194  18:49  Marine x2  
  194  18:51  Marine x2  
  194  18:52  Marine x2  
  200  19:04  Command Center  
Show
View Real Time Build Order
Export as new Build Order

dragon Terran 

Build Orders:  

Get SALT Encoding   

  12  0:14  Supply Depot  
  12  0:40  Barracks, SCV  
  13  0:52  SCV  
  14  1:04  SCV  
  15  1:16  SCV  
  16  1:22  Refinery  
  16  1:28  SCV  
  16  1:31  Barracks  
  17  1:40  SCV  
  18  1:47  Marine  
  19  2:05  Marine, SCV  
  21  2:17  SCV  
  21  2:19  Marine  
  21  2:20  Barracks  
  23  2:38  Supply Depot  
  23  2:59  Marine x2, SCV  
  26  3:09  Marine  
  26  3:10  Factory  
  26  3:12  SCV  
  26  3:21  Refinery  
  26  3:24  SCV  
  27  3:36  SCV  
  28  4:04  Factory Reactor  
  28  4:15  Starport  
  28  4:18  Starport  
  28  4:21  Barracks Tech Lab  
  28  4:22  Barracks Reactor  
  28  4:24  Barracks Reactor  
  16  6:07  Marine x4  
  16  6:08  Marine  
  9  6:42  Liberator x2  
  9  6:52  Engineering Bay  
  9  6:54  SCV  
  16  7:06  SCV  
  7  7:56  Viking  
  9  8:02  Viking  
  11  8:08  Marine x4  
  11  8:09  Marine  
  10  8:25  Marine  
  10  8:26  Marine x3  
  14  8:27  Marine  
  15  8:43  Orbital Command  
  6  9:29  SCV  
  7  9:41  SCV  
  8  9:53  Engineering Bay, SCV  
  8  9:59  Marine x5  
  13  10:06  SCV  
  15  10:16  Marine  
  15  10:17  Marine x4  
  18  10:56  SCV  
  19  11:04  Marine x2  
  19  11:05  Marine x2  
  19  11:06  Marine  
  19  11:08  SCV  
  25  11:20  SCV  
  14  12:33  Command Center  
  1  16:27  SCV  
Tags
 
Add a new tag
Caveats
  • Supply blocks, unpowered buildings, or Contaminate may cause inaccurate times.
  • Supply counts are checked every 10 seconds.